 Dungeon Crawl Stone Soup version 0.25-a0-632-g7713895 (webtiles) character file.

Game seed: 8486994316755989282, levelgen mode: deterministic

175 HungryMoth the Digger (level 5, -2/35 HPs)
             Began as a Formicid Earth Elementalist on Mar 19, 2020.
             Slain by an orc
             ... wielding a +0 flail
              (3 damage)
             ... on level 4 of the Dungeon.
             The game lasted 00:07:22 (3114 turns).

HungryMoth the Digger (Formicid Earth Elementalist) Turns: 3114, Time: 00:07:22

Health: -2/35      AC:  6    Str: 13    XL:     5   Next: 86%
Magic:  1/10       EV: 11    Int: 15    God:
Gold:   158        SH:  6    Dex: 11    Spells: 5/11 levels left

rFire    . . .     SeeInvis +   w - +1 dagger (drain)
rCold    . . .     Gourm    .   f - +2 buckler {AC+3}
rNeg     . . .     Faith    .   x - +0 leather armour
rPois    .         Spirit   .   (helmet unavailable)
rElec    .         Reflect  .   (no cloak)
rCorr    .         Harm     .   (no gloves)
MR       .....                  (no boots)
Stlth    ++........             (no amulet)
HPRegen  0.11/turn              (no ring)
MPRegen  0.12/turn              (no ring)

@: no status effects
A: permanent stasis, dig shafts and tunnels, four strong arms, antennae 3
a: Dig, Shaft Self


You were on level 4 of the Dungeon.
You were hungry.

You visited 1 branch of the dungeon, and saw 4 of its levels.

You collected 158 gold pieces.

Inventory:

Hand Weapons
 w - a +1 dagger of draining (weapon)
Missiles
 b - 103 stones (quivered)
Armour
 c - a +0 robe
 f - a +2 buckler of protection (worn)
 x - a +0 leather armour (worn)
Scrolls
 j - 3 scrolls of teleportation {unknown}
 l - a scroll of random uselessness {unknown}
 m - 2 scrolls of identify {unknown}
 n - a scroll of enchant weapon {unknown}
 o - 2 scrolls of enchant armour {unknown}
 p - a scroll of fear {unknown}
 q - a scroll of magic mapping {unknown}
 r - a scroll of noise {unknown}
 v - a scroll of remove curse {unknown}
Potions
 h - a potion of cancellation {unknown}
 t - 3 potions of heal wounds {unknown}
 u - a potion of degeneration {unknown}
Comestibles
 d - 2 rations


   Skills:
 - Level 1.7 Dodging
 - Level 2.4 Stealth
 - Level 2.4 Shields
 + Level 3.5 Spellcasting
 + Level 1.2 Conjurations
 + Level 2.0 Transmutations
 + Level 5.0 Earth Magic


You had 5 spell levels left.
You knew the following spells:

 Your Spells              Type           Power        Failure   Level  Hunger
a - Sandblast             Erth           ###...       3%          1    None
b - Passwall              Tmut/Erth      ##......     9%          2    ##.....
c - Stone Arrow           Conj/Erth      ##....       21%         3    ###....

Your spell library contained the following spells:

 Spells                   Type           Power        Failure   Level  Hunger
 Petrify                  Tmut/Erth      ##......     50%         4    ####...
 Lee's Rapid Deconstruct  Erth           ###.......   65%         5    ######.


Dungeon Overview and Level Annotations

Branches:
Dungeon (4/15)
 Temple: D:4-7

Altars:
Kikubaaqudgha
Zin


Innate Abilities, Weirdness & Mutations

You cannot be hasted, slowed, berserked, paralysed or teleported.
You can dig through walls and to a lower floor.
Your four strong arms can wield two-handed weapons with a shield.
You have a pair of large antennae on your head. (SInv)


Message History

The orc wizard hits you but does no damage.
You block the orc's attack.
You hit the orc wizard.
The orc wizard is severely wounded.
The orc wizard casts a spell at you. The magic dart hits you.
The orc hits you with a +0 flail.
You completely miss the orc wizard.
The orc wizard is severely wounded.
The orc wizard hits you but does no damage.
You hit the orc wizard but do no damage.
The orc wizard is severely wounded.
The orc wizard gestures at you while chanting.
You easily resist.
The orc hits you but does no damage.
You hit the orc wizard but do no damage.
The orc wizard is severely wounded.
The orc wizard casts a spell at you. The puff of flame hits you!
* * * LOW HITPOINT WARNING * * *
The orc hits you with a +0 flail.
You die...

#...$....#
#........#
#........#
#.......[#
#.###........#
#..........#
#...#
#oo.##>..
#@.....#
#...##.# #...#
# #...# #....
##.### .# .#


You could see an orc wizard (invisible) and an orc.

Vanquished Creatures
  An orc wizard (D:4)
  A hound skeleton (D:3)
  7 adders
  An ooze (D:2)
  2 worms
  3 dart slugs
  2 leopard geckos
  2 orcs
  7 bats
  A giant cockroach (D:1)
  6 goblins
  3 hobgoblins
  A quokka (D:3)
  2 frilled lizards (D:1)
  9 kobolds
  7 rats
55 creatures vanquished.

Notes
Turn   | Place    | Note
-------+----------+-------------------------------------------
     0 | D:1      | HungryMoth the Formicid Earth Elementalist began the quest
                  | for the Orb.
     0 | D:1      | Reached XP level 1. HP: 13/13 MP: 3/3
   616 | D:1      | Reached XP level 2. HP: 15/19 MP: 5/5
   688 | D:1      | Reached skill level 4 in Earth Magic
  1238 | D:1      | Reached XP level 3. HP: 17/24 MP: 7/7
  1771 | D:2      | Learned a level 2 spell: Passwall
  1775 | D:2      | Learned a level 3 spell: Stone Arrow
  1815 | D:2      | Reached XP level 4. HP: 24/30 MP: 8/8
  1917 | D:2      | Found an ancient bone altar of Kikubaaqudgha.
  2476 | D:3      | Reached skill level 1 in Shields
  2656 | D:3      | Reached XP level 5. HP: 35/35 MP: 10/10
  2726 | D:3      | Reached skill level 1 in Conjurations
  3030 | D:3      | Found a glowing silver altar of Zin.
  3105 | D:4      | Reached skill level 5 in Earth Magic
  3114 | D:4      | HP: 1/35 [orc wizard/puff of flame (11)]
  3114 | D:4      | Slain by an orc

Levels and vault maps discovered:
D:1:      lemuel_arrival_behind_the_door_small, layout_basic,
          roderic_roman_lattice
D:2:      layout_rooms, kiku_gazebo_pond_becter
D:3:      layout_rooms, lemuel_round_altar
D:4:      layout_basic, grunt_gozag_statues, kb_xom_exploding_sheep, uniq_pikel,
          uniq_crazy_yiuf_cottage, uniq_sigmund

Skill      XL: |  1  2  3  4  5 |
---------------+----------------+-----
Earth Magic    | 4 5 |  5.0
Spellcasting   | 3 |  3.5
Shields        | 1 2 |  2.4
Conjurations   | 1 |  1.2
Transmutations | 2 |  2.0
Dodging        | |  1.7
Stealth        | |  2.4

Action                   |  1- 3 |  4- 6 || total
-------------------------+-------+-------++-------
Melee: Dagger            |   117 |    95 ||   212
       Unarmed           |     6 |       ||     6
 Cast: Sandblast         |     7 |     9 ||    16
       Stone Arrow       |       |     4 ||     4
 Stab: Sleeping          |     7 |     4 ||    11
  Eat: Chunk             |     3 |     4 ||     7
Armor: Robe              |    38 |    30 ||    68
       Leather armour    |       |     2 ||     2
Dodge: Dodged            |    63 |    34 ||    97
Block: Buckler           |    32 |    27 ||    59

Table legend:
 A = Non-vault XP
 B = Vault XP
 C = Vault XP percentage of total XP
 D = Non-vault monster count
 E = Vault monster count
 F = Vault count percentage of total count
                 A         B        C        D         E       F
            +---------+---------+-------+---------+---------+-------
      Total |     251 |       0 |   0.0 |      55 |       0 |   0.0
            +---------+---------+-------+---------+---------+-------
        D:1 |      32 |       0 |   0.0 |      18 |       0 |   0.0
        D:2 |      43 |       0 |   0.0 |      13 |       0 |   0.0
        D:3 |     128 |       0 |   0.0 |      22 |       0 |   0.0
        D:4 |      48 |       0 |   0.0 |       2 |       0 |   0.0
            +---------+---------+-------+---------+---------+-------
